 Dungeon Crawl Stone Soup version 0.30-a0-165-g1891117ce2 (webtiles) character file.

Game seed: 10913386302121835176

711 Iusername the Slasher (level 7, -1/61 HPs)
             Began as a Minotaur Fighter on Sept 28, 2022.
             Was a Believer of Okawaru.
             Slain by a scorpion (6 damage)
             ... on level 5 of the Dungeon.
             The game lasted 00:15:40 (6503 turns).

Iusername the Slasher (Minotaur Fighter)            Turns: 6503, Time: 00:15:41

Health: -1/61      AC:  9    Str: 23    XL:     7   Next: 40%
Magic:  6/6        EV:  6    Int:  5    God:    Okawaru [**....]
Gold:   366        SH:  4    Dex:  9    Spells: 6/6 levels left

rFire   . . .      SeeInvis .    a - +0 long sword
rCold   . . .      Faith    .    c - +0 buckler
rNeg    . . .      Spirit   .    m - +0 plate armour
rPois   .          Reflect  .    (helmet restricted)
rElec   .          Harm     .    (no cloak)
rCorr   .          Rampage  .    (no gloves)
Will    .....                    e - +0 pair of boots
Stlth   ..........               (no amulet)
HPRegen 0.20/turn                (no ring)
MPRegen 0.10/turn                (no ring)

@: corroded
A: horns 2, retaliatory headbutt
a: Renounce Religion, Heroism


You were on level 5 of the Dungeon.
You worshipped Okawaru.
Okawaru was pleased with you.
You visited 1 branch of the dungeon, and saw 5 of its levels.

You collected 366 gold pieces.

Inventory:

Hand Weapons
 a - a +0 long sword (weapon)
Missiles
 b - a throwing net (quivered)
 i - 4 boomerangs
Armour
 c - a +0 buckler (worn)
 e - a +0 pair of boots (worn)
 m - a +0 plate armour (worn)
Wands
 n - a wand of light (13)
Scrolls
 f - 2 scrolls of teleportation
 h - a scroll of vulnerability
 l - 4 scrolls of identify
 p - a scroll of enchant weapon {unknown}
 q - a scroll of immolation {unknown}
Potions
 d - 4 potions of might
 g - a potion of heal wounds {unknown}
 j - a potion of flight
 k - 5 potions of curing
 o - 2 potions of degeneration
 r - a potion of haste {unknown}


   Skills:
 + Level 5.0 Fighting
 + Level 7.0 Long Blades
 + Level 5.7 Armour
 + Level 1.6 Dodging
 + Level 0.2 Stealth
 + Level 5.0 Shields
 + Level 0.5 Unarmed Combat


You had 6 spell levels left.
You didn't know any spells.
Your spell library contained the following spells:

 Spells                   Type           Power      Damage    Failure   Level
 Beastly Appendage        Tmut           0%         N/A       100%        1
 Ensorcelled Hibernation  Hex/Ice        0%         N/A       100%        2
 Passwall                 Tmut/Erth      0%         N/A       100%        2
 Sublimation of Blood     Necr           0%         N/A       100%        2
 Wereblood                Tmut           0%         N/A       100%        2
 Spider Form              Tmut/Pois      0%         N/A       100%        3
 Swiftness                Air            0%         N/A       100%        3
 Petrify                  Tmut/Erth      0%         N/A       100%        4
 Irradiate                Conj/Tmut      0%         3d11      100%        5


Dungeon Overview and Level Annotations

Branches:
Dungeon (5/15)             Temple (0/1) D:4

Altars:
Elyvilon
Okawaru
Sif Muna

Shops:
D:2 (   D:5 =


Innate Abilities, Weirdness & Mutations

You have a pair of horns on your head.
You reflexively headbutt those who attack you in melee.


Message History

You headbutt the jelly!
The jelly is severely wounded.
An ogre comes into view. It is wielding a +0 giant club.
You block the jelly's attack.
The ogre shouts!
You hit the jelly.
Your hands burn!
The jelly is almost dead.
The jelly barely misses you.
You hit the jelly but do no damage.
Your hands burn!
The jelly is almost dead.
A scorpion comes into view.
The jelly closely misses you.
You hit the jelly but do no damage.
Your hands burn!
The jelly is almost dead.
The jelly hits you but does no damage.
You slash the jelly!
You kill the jelly!
Okawaru accepts your kill.
Your Long Blades skill increases to level 7!
Found a potion of curing.
You slash the ogre! You headbutt the ogre.
The ogre is heavily wounded.
The ogre hits you with a +0 giant club!!
You are too injured to fight recklessly!
You are too injured to fight recklessly!
You are too injured to fight recklessly!
There are monsters nearby!
You are too injured to fight recklessly!
There are monsters nearby!
There are monsters nearby!
You are too injured to fight recklessly!
The ogre hits you with a +0 giant club!
* * * LOW HITPOINT WARNING * * *
You barely miss the ogre.
The ogre is heavily wounded.
The scorpion stings you but does no damage.
You hit the ogre.
The ogre is heavily wounded.
The scorpion stings you.
You die...

#.# #.###
#...# ##
###.# .!
#.##.# .
####..#.###..
+............
#.....s......
#....@O......
#............
#............
#(...........
#######......
...... ......
######


You could see an ogre and a scorpion.

Vanquished Creatures
  Blork the orc (D:4)
  A scorpion (D:3)
  A jelly (D:5)
  A hound (D:5)
  A gnoll bouda (D:5)
  An iguana (D:4)
  Robin (D:2)
  6 adders
  18 gnolls
  A white imp (D:5)
  An ufetubus (D:4)
  5 worms
  20 orcs
  7 endoplasms
  2 giant cockroaches
  56 goblins
  24 hobgoblins
  4 quokkas
  8 ball pythons
  2 bats (D:1)
  6 frilled lizards
  19 kobolds
  4 rats
190 creatures vanquished.

Vanquished Creatures (others)
  A goblin (D:4)
1 creature vanquished.

Grand Total: 191 creatures vanquished

Notes
Turn   | Place    | Note
-------+----------+-------------------------------------------
     0 | D:1      | Iusername the Minotaur Fighter began the quest for the Orb.
     0 | D:1      | Reached XP level 1. HP: 19/19 MP: 0/0
     3 | D:1      | Found a faded altar of an unknown god.
    38 | D:1      | Prayed at the altar of an unknown god.
    38 | D:1      | Became a worshipper of Warmaster Okawaru
    38 | D:1      | Reached * piety under Okawaru
   111 | D:1      | Reached XP level 2. HP: 21/27 MP: 1/1
   775 | D:2      | Found Woffao Lose's Weapon Boutique.
   778 | D:2      | Reached XP level 3. HP: 33/33 MP: 2/2
   785 | D:2      | Reached skill level 3 in Long Blades
   952 | D:2      | Identified the +2 helmet "Peffyohe" {Str+7 Dex-3}
   952 | D:2      | Noticed Robin
   963 | D:2      | Killed Robin
   970 | D:2      | Reached XP level 4. HP: 11/40 MP: 3/3
  1454 | D:2      | You fall into a shaft and drop 1 floor!
  1560 | D:3      | Reached skill level 1 in Dodging
  1895 | D:2      | Reached skill level 4 in Long Blades
  2219 | D:3      | Found an iron altar of Okawaru.
  2231 | D:3      | Noticed a scorpion
  2244 | D:3      | Killed a scorpion
  2244 | D:3      | Reached ** piety under Okawaru
  2245 | D:3      | Reached XP level 5. HP: 26/47 MP: 4/4
  2947 | D:4      | Reached skill level 5 in Long Blades
  3542 | D:4      | Noticed Blork the orc
  3591 | D:4      | Killed Blork the orc
  3592 | D:4      | Reached skill level 5 in Armour
  3592 | D:4      | Reached XP level 6. HP: 34/53 MP: 5/5
  4455 | D:4      | Found a staircase to the Ecumenical Temple.
  4580 | D:4      | Found a shimmering blue altar of Sif Muna.
  4651 | D:4      | Found a white marble altar of Elyvilon.
  5133 | D:4      | Reached skill level 6 in Long Blades
  5451 | D:4      | Reached XP level 7. HP: 42/60 MP: 6/6
  5924 | D:5      | Entered Level 5 of the Dungeon
  6119 | D:5      | Found Berchourgh's Jewellery Emporium.
  6147 | D:5      | Reached skill level 5 in Fighting
  6156 | D:5      | Reached skill level 5 in Shields
  6499 | D:5      | Reached skill level 7 in Long Blades
  6503 | D:5      | Slain by a scorpion

Illustrated notes

Levels and vault maps discovered:
D:1:      saegor_arrival_simple_b, layout_loops_cross, basic_ecumenical_altar,
          minmay_tetromino_t2
D:2:      layout_basic, serial_shops, nicolae_shop_bloodbath_and_beyond,
          uniq_robin
D:3:      layout_rooms, mainiacjoe_overflow_concentric_impassable,
          minmay_door_square
D:4:      minmay_goblin_kobold_castle, layout_cave_pools,
          lemuel_coloured_pillars_altar, kennysheep_little_box,
          minmay_temple_entry_butterflies, uniq_blork_the_orc
D:5:      layout_basic, dancing_weapons_uskayaw, tgw_fedhas, serial_shops,
          nicolae_shop_hallway_plus

Skill      XL: |  1  2  3  4  5  6  7 |
---------------+----------------------+-----
Armour         | 4 5 |  5.7
Fighting       | 4 5 |  5.0
Long Blades    | 3 4 5 6 7 |  7.0
Shields        | 4 5 |  5.0
Dodging        | 1 |  1.6
Stealth        | |  0.2
Unarmed Combat | |  0.5

Action                   |  1- 3 |  4- 6 |  7- 9 || total
-------------------------+-------+-------+-------++-------
Melee: Long sword        |   106 |   278 |    75 ||   459
       Headbutt          |    17 |    46 |    17 ||    80
       Unarmed           |       |    11 |       ||    11
  Use: Scroll            |       |     7 |       ||     7
       Potion            |       |     5 |       ||     5
 Stab: Invisible         |       |     2 |       ||     2
Armor: Scale mail        |    61 |    49 |       ||   110
       Plate armour      |       |   185 |    65 ||   250
Dodge: Dodged            |    46 |   149 |    27 ||   222
Block: Buckler           |    28 |    79 |    22 ||   129

Table legend: (Time is in decaauts)
 A = Elapsed time spent in this place.
 B = Non-inter-level travel time spent in this place.
 C = Inter-level travel time spent in this place.
 D = Time resting spent in this place.
 E = Time spent auto-exploring this place.
 F = Levels seen in this place.
 G = Mean time per level.
                   A        B        C        D        E       F      G
               +--------+--------+--------+--------+--------+-----+--------+
         Total |   6598 |   6499 |     99 |   2411 |   2795 |   5 | 1319.6 |
       Dungeon |   6598 |   6499 |     99 |   2411 |   2795 |   5 | 1319.6 |
               +--------+--------+--------+--------+--------+-----+--------+

Top non-repeatable levels by time:
     D:4: 2638 daAuts
     D:3: 1396 daAuts
     D:2: 1187 daAuts
     D:1: 791 daAuts
     D:5: 584 daAuts
